 Dungeon Crawl Stone Soup version 0.28-a0-932-g843f935a50 (webtiles) character file.

Game seed: 12454567662988579064

524 demibob the Twirler (level 7, -1/50 HPs)
             Began as a Demonspawn Gladiator on Nov 28, 2021.
             Splashed by a jelly's acid (9 damage)
             ... on level 4 of the Dungeon.
             The game lasted 00:06:33 (3021 turns).

demibob the Twirler (Demonspawn Gladiator)          Turns: 3021, Time: 00:06:35

Health: -1/50      AC:  2    Str: 15    XL:     7   Next: 2%
Magic:  7/7        EV: 12    Int: 10    God:
Gold:   102        SH:  6    Dex: 15    Spells: 6/6 levels left

rFire   . . .      SeeInvis .   a - +0 quarterstaff
rCold   . . .      Faith    .   (shield currently unavailable)
rNeg    . . .      Spirit   .   b - +0 leather armour
rPois   +          Reflect  .   c - +1 helmet
rElec   .          Harm     .   (no cloak)
rCorr   .          Rampage  .   (no gloves)
Will    +....                   m - +0 pair of boots
Stlth   +.........              (no amulet)
HPRegen 0.16/turn               W - ring of willpower
MPRegen 0.10/turn               P - ring of poison resistance

@: corroded
A: large bone plates 2, powered by pain 1, weakness stinger 1
a: no special abilities


You were on level 4 of the Dungeon.
You visited 1 branch of the dungeon, and saw 4 of its levels.

You collected 102 gold pieces.


Innate Abilities, Weirdness & Mutations

You are mostly covered in large bone plates. (SH +6)
You sometimes gain a little power by taking damage.
You have a small tail.


   Skills:
 - Level 2.0 Fighting
 + Level 7.3 Staves
 - Level 1.7 Throwing
 - Level 2.6 Dodging


You had 6 spell levels left.
You didn't know any spells.
Your spell library contained the following spells:

 Spells                   Type           Power      Damage    Failure   Level
 Sandblast                Erth           0%         2d4       43%         1
 Slow                     Hex            0%         N/A       43%         1
 Summon Small Mammal      Summ           0%         N/A       43%         1
 Passwall                 Tmut/Erth      0%         N/A       56%         2
 Call Canine Familiar     Summ           0%         N/A       80%         3
 Confusing Touch          Hex            0%         N/A       80%         3
 Ozocubu's Armour         Ice            0%         N/A       80%         3
 Stone Arrow              Conj/Erth      0%         3d7       80%         3
 Summon Guardian Golem    Hex/Summ       0%         N/A       80%         3
 Vampiric Draining        Necr           0%         2d6       80%         3
 Summon Ice Beast         Ice/Summ       0%         N/A       99%         4
 Freezing Cloud           Conj/Ice/Air   0%         6-21      100%        5
 Ozocubu's Refrigeration  Ice            0%         4d5       100%        7

Inventory:

Hand Weapons
 a - a +0 quarterstaff (weapon)
Missiles
 d - 2 throwing nets {=f}
 e - 3 atropa-tipped darts
 l - 26 poisoned darts (quivered)
Armour
 b - a +0 leather armour (worn)
 c - a +1 helmet (worn)
 f - a +2 cloak
 m - a +0 pair of boots (worn)
Magical Staves
 i - a staff of fire {!a}
Jewellery
 P - a ring of poison resistance (right hand)
 W - a ring of willpower (left hand)
Scrolls
 g - a scroll of identify {@r1}
 h - 2 scrolls of teleportation {@r2}
Potions
 j - a potion of curing {@q1}

Dungeon Overview and Level Annotations

Branches:
Dungeon (4/15)
 Temple: D:4-7

Altars:
Kikubaaqudgha
Uskayaw

Shops:
D:4 (

Annotations:
D:4 Edmund

#... #............
....#............
#..###..###...###
.####.(###..###...###
.......#.....J.....#.
.......†.@.........'.
.##....###..###..####
###J####### #..#
#.@........ .....
#..........#.......
#..........# .......
#..........#........
##...#..#..# ########
##


You could see a jelly.


Message History

* * * LOW HITPOINT WARNING * * *
A jelly comes into view.
The jelly quivers.
Edmund says, "I might not be good at magic, but I can still kill you!"
Your surroundings suddenly seem different.
You now have 102 gold pieces (gained 12).
You close the door.
You start resting.
You hear a distant slurping noise.
You feel a little less agile now.
You hear a distant slurping noise.
The door mysteriously vanishes.
You are too injured to fight recklessly!
You are too injured to fight recklessly!
You are too injured to fight recklessly!
You catch the helpless jelly completely off-guard!
You sock the jelly! The acid corrodes you!
Your hands burn!
* * * LOW HITPOINT WARNING * * *
The jelly is moderately wounded.
The jelly hits you.
* * * LOW HITPOINT WARNING * * *
You are splashed with acid.
* * * LOW HITPOINT WARNING * * *
You hit the jelly but do no damage.
Your hands burn!
* * * LOW HITPOINT WARNING * * *
The jelly is moderately wounded.
The jelly hits you.
* * * LOW HITPOINT WARNING * * *
You are splashed with acid!
You die...

Skill      XL: |  1  2  3  4  5  6 |
---------------+-------------------+-----
Staves         | 3 4 5 6 7 |  7.3
Fighting       | |  2.0
Throwing       | |  1.7
Dodging        | |  2.6

Action                   |  1- 3 |  4- 6 |  7- 9 || total
-------------------------+-------+-------+-------++-------
Melee: Quarterstaff      |    34 |   148 |     9 ||   191
       Tailslap          |     1 |    20 |       ||    21
Throw: Dart              |     5 |    30 |       ||    35
       Throwing net      |     1 |       |       ||     1
  Use: Scroll            |     6 |     1 |     1 ||     8
 Stab: Sleeping          |     1 |       |       ||     1
       Invisible         |       |     1 |       ||     1
       Distracted        |       |       |     1 ||     1
Armor: Leather armour    |    14 |    57 |       ||    71
Dodge: Dodged            |    27 |    98 |     3 ||   128
Block: Other             |       |    44 |       ||    44

Levels and vault maps discovered:
D:1:      sevenhm_arrival_forest_fort_small_3, layout_basic,
          hellmonk_ecumenical_altar_lost_god, hangedman_decor_growths
D:2:      layout_rooms, kennysheep_generic_room_9
D:3:      layout_rooms, dancing_weapons_uskayaw, kennysheep_vampire_church,
          minmay_surrounded
D:4:      layout_gridville, mainiacjoe_overflow_alcove_1, serial_shops, shop,
          uniq_edmund, uniq_crazy_yiuf_cottage

Notes
Turn   | Place    | Note
-------+----------+-------------------------------------------
     0 | D:1      | demibob the Demonspawn Gladiator began the quest for the
                  | Orb.
     0 | D:1      | Reached XP level 1. HP: 16/16 MP: 1/1
   115 | D:1      | Reached skill level 3 in Staves
   239 | D:1      | Got the Almanac of Snow
   364 | D:1      | Gained mutation: You have a small tail. [demonic ancestry]
   364 | D:1      | Reached XP level 2. HP: 18/22 MP: 2/2
   501 | D:1      | Found a faded altar of an unknown god.
  1017 | D:2      | Noticed a scorpion
  1024 | D:2      | Killed a scorpion
  1025 | D:2      | Reached skill level 4 in Staves
  1025 | D:2      | Gained mutation: You are partially covered in large bone
                  | plates. (SH +4) [demonic ancestry]
  1025 | D:2      | Reached XP level 3. HP: 27/27 MP: 3/3
  1025 | D:2      | Gained mutation: You are mostly covered in large bone
                  | plates. (SH +6) [demonic ancestry]
  1025 | D:2      | Reached XP level 4. HP: 33/33 MP: 4/4
  1420 | D:2      | Reached skill level 5 in Staves
  1735 | D:3      | Noticed a +0 hand axe
  1735 | D:3      | Noticed a +0 dagger
  1817 | D:3      | Gained mutation: You sometimes gain a little power by
                  | taking damage. [demonic ancestry]
  1817 | D:3      | Reached XP level 5. HP: 38/38 MP: 5/5
  1865 | D:3      | Found a hide-covered altar of Uskayaw.
  1874 | D:3      | Noticed an orc warrior
  1888 | D:3      | Killed an orc warrior
  1889 | D:3      | Reached skill level 6 in Staves
  2308 | D:3      | Found an ancient bone altar of Kikubaaqudgha.
  2514 | D:4      | Reached XP level 6. HP: 44/44 MP: 6/6
  2690 | D:4      | Found Naecreil's Weapon Shop.
  2810 | D:4      | Reached skill level 7 in Staves
  2960 | D:4      | Noticed Edmund
  2968 | D:4      | Reached XP level 7. HP: 50/50 MP: 7/7
  3021 | D:4      | Splashed by a jelly's acid

Vanquished Creatures
  An orc warrior (D:3)
  A black bear (D:4)
  A phantom (D:4)
  A scorpion (D:2)
  A centaur zombie (D:4)
  2 iguanas (D:4)
  A hound skeleton (D:4)
  3 adders
  A shadow imp (D:3)
  An adder skeleton (D:2)
  A worm (D:2)
  2 dart slugs
  2 orcs (D:3)
  3 ball pythons
  9 bats
  5 bat skeletons (D:3)
  A bat zombie (D:3)
  3 endoplasms
  A giant cockroach (D:3)
  3 goblins (D:1)
  5 hobgoblins
  3 jackals (D:2)
  5 kobolds
  5 frilled lizards
  A rat (D:1)
62 creatures vanquished.

Table legend: (Time is in decaauts)
 A = Elapsed time spent in this place.
 B = Non-inter-level travel time spent in this place.
 C = Inter-level travel time spent in this place.
 D = Time resting spent in this place.
 E = Time spent auto-exploring this place.
 F = Levels seen in this place.
 G = Mean time per level.
                   A        B        C        D        E       F      G
               +--------+--------+--------+--------+--------+-----+--------+
         Total |   3024 |   2986 |     38 |    140 |   2334 |   4 |  756.0 |
       Dungeon |   3024 |   2986 |     38 |    140 |   2334 |   4 |  756.0 |
               +--------+--------+--------+--------+--------+-----+--------+

Top non-repeatable levels by time:
     D:1: 1021 daAuts
     D:3: 700 daAuts
     D:2: 693 daAuts
     D:4: 608 daAuts

Table legend:
 A = Non-vault XP
 B = Vault XP
 C = Vault XP percentage of total XP
 D = Non-vault monster count
 E = Vault monster count
 F = Vault count percentage of total count
                 A         B        C        D         E       F
            +---------+---------+-------+---------+---------+-------
      Total |     565 |     184 |  24.6 |      51 |      11 |  17.7
            +---------+---------+-------+---------+---------+-------
        D:1 |      21 |       0 |   0.0 |      13 |       0 |   0.0
        D:2 |     135 |      15 |  10.0 |      17 |       2 |  10.5
        D:3 |      32 |     169 |  84.1 |      10 |       9 |  47.4
        D:4 |     377 |       0 |   0.0 |      11 |       0 |   0.0
            +---------+---------+-------+---------+---------+-------
